 Dungeon Crawl Stone Soup version 0.32-a0-520-g344ed53f66 (webtiles) character file.

Game seed: 1899990116153301013

98458 Asceticacid the Slicer (level 16, 0/81 (85) HPs)
             Began as a Vine Stalker Fighter on Feb 27, 2024.
             Was a Priest of Ru.
             Slain by a spriggan berserker
             ... wielding a +0 flail
              (22 damage)
             ... on level 1 of the Depths.
             The game lasted 00:36:53 (21040 turns).

Asceticacid the Slicer (Vine Stalker Fighter)      Turns: 21040, Time: 00:36:53

HP:   0/81 (85)     AC: 15    Str: 21    XL:     16   Next: 22%
MP:   0/26          EV: 19    Int: 10    God:    Ru [***...]
Gold: 2586          SH: 13    Dex: 24    Spells: 15/15 levels left

rFire   . . .        f - +3 quick blade (elec)
rCold   . . .        h - +2 buckler
rNeg    . . .        O - +2 scale mail of Ishaot {rElec rPois Int+2 Dex+4}
rPois   +            y - +0 helmet
rElec   +            (no cloak)
rCorr   .            t - +0 pair of gloves
SInv    .            D - +0 pair of boots
Will    ++...        p - amulet of reflection Stlth
                     J - ring of magical power
HPRegen 1.13/turn    X - ring of poison resistance
MPRegen 0.20/turn

%: inaccuracy (-5), reflection, guardian spirit
@: exhausted, studying Short Blades, lightly drained
A: fangs 3, regeneration 1, magic shield, antimagic bite, no potion heal 2,
inability to drink after injury 2, no stealth, missing an eye
a: Renounce Religion, Draw Out Power


You were on level 1 of the Depths.
You worshipped Ru.
Ru was most pleased with you.
You visited 5 branches of the dungeon, and saw 24 of its levels.

You collected 2650 gold pieces.
You spent 64 gold pieces at shops.

Inventory:

Hand Weapons
 f - a +3 quick blade of electrocution (weapon)
 M - the +5 mace of the Median {speed, rElec rF++ Dex-5}
   (You took it off a necromancer on level 13 of the Dungeon)

   Dex-5:     It affects your dexterity (-5).
   rF++:      It greatly protects you from fire.
   rElec:     It insulates you from electricity.
Missiles
 w - 4 datura-tipped darts
 A - 11 curare-tipped darts (quivered)
Armour
 h - a +2 buckler (worn)
 t - a +0 pair of gloves (worn)
 y - a +0 helmet (worn)
 D - a +0 pair of boots (worn)
 O - the +2 scale mail of Ishaot (worn) {rElec rPois Int+2 Dex+4}
   (You found it on level 12 of the Dungeon)

   Int+2:     It affects your intelligence (+2).
   Dex+4:     It affects your dexterity (+4).
   rElec:     It insulates you from electricity.
   rPois:     It protects you from poison
Jewellery
 p - an amulet of reflection (around neck)
 H - a +5 ring of evasion
 J - a ring of magical power (left hand)
 X - a ring of poison resistance (right hand)
 Y - a ring of protection from fire
Wands
 l - a wand of flame (53)
 q - a wand of paralysis (10)
 r - a wand of mindburst (44)
 s - a wand of polymorph (11)
 F - a wand of quicksilver (2)
Scrolls
 a - 5 scrolls of enchant armour
 e - 2 scrolls of noise
 m - 11 scrolls of fog
 u - 8 scrolls of teleportation
 v - 4 scrolls of poison {unknown}
 x - a scroll of vulnerability {unknown}
 z - 3 scrolls of enchant weapon {unknown}
 B - a scroll of blinking
 C - 2 scrolls of revelation
 G - a scroll of torment {unknown}
 I - a scroll of butterflies {unknown}
 K - 2 scrolls of immolation {unknown}
 L - 2 scrolls of silence {unknown}
 Q - a scroll of brand weapon {unknown}
 R - 3 scrolls of identify
 U - a scroll of amnesia
Potions
 b - 7 potions of curing
 c - a potion of resistance {unknown}
 d - 6 potions of might
 g - 7 potions of heal wounds
 i - 3 potions of magic
 j - 3 potions of cancellation
 k - a potion of haste
 n - 7 potions of lignification
 o - 7 potions of enlightenment
 E - 4 potions of degeneration
 N - 2 potions of brilliance
 P - 3 potions of attraction
 T - a potion of berserk rage {unknown}
 W - 2 potions of mutation {unknown}
Miscellaneous
 S - a phial of floods
 V - a condenser vane (inert)


   Skills:
 - Level 10.1 Fighting
 - Level 14.2 Short Blades
 + Level 7.7 Maces & Flails
 - Level 12.1 Armour
 - Level 11.6 Dodging
 - Level 2.6 Shields
 - Level 6.3 Evocations


You had 15 spell levels left.
You didn't know any spells.
Your spell library contained the following spells:

 Spells                   Type           Power      Damage    Failure   Level
 Magic Dart               Conj           0%         1d3       71%         1
 Scorch                   Fire           0%         2d5       83%         2
 Searing Ray              Conj           0%         2d4       83%         2
 Frozen Ramparts          Ice            0%         1d1       97%         3
 Fugue of the Fallen      Necr           0%         N/A       97%         3
 Ozocubu's Armour         Ice            0%         N/A       97%         3
 Stone Arrow              Conj/Erth      0%         3d7       97%         3
 Tukima's Dance           Hex            0%         N/A       97%         3
 Animate Armour           Summ/Erth      0%         N/A       100%        4
 Flame Wave               Conj/Fire      0%         2d4       100%        4
 Fulminant Prism          Conj/Alch      0%         3d5       100%        4
 Leda's Liquefaction      Alch/Erth      0%         N/A       100%        4
 Manifold Assault         Tloc           0%         N/A       100%        4
 Passage of Golubria      Tloc           0%         N/A       100%        4
 Petrify                  Alch/Erth      0%         N/A       100%        4
 Summon Lightning Spire   Summ/Air       0%         N/A       100%        4
 Vhi's Electric Charge    Tloc/Air       0%         N/A       100%        4
 Arcjolt                  Conj/Air       0%         1d10      100%        5
 Lee's Rapid Deconstruct  Erth           0%         3d4*      100%        5
 Metabolic Englaciation   Hex/Ice        0%         N/A       100%        5
 Yara's Violent Unravell  Hex/Alch       0%         3d3       100%        5
 Sculpt Simulacrum        Ice/Alch       0%         N/A       100%        6
 Summon Cactus Giant      Summ           0%         N/A       100%        6
 Lehudib's Crystal Spear  Conj/Erth      0%         10d2      100%        8
 Maxwell's Capacitive Co  Air            0%         ∞         100%        8


Dungeon Overview and Level Annotations

Branches:
Dungeon (15/15)            Temple (1/1) D:6            Lair (5/5) D:11
  Swamp (0/4) Lair:2        Snake (0/4) Lair:2        Slime (0/5) Lair:5
    Orc (2/2) D:9             Elf (0/3) Orc:2        Vaults (0/5) D:13
 Depths (1/4) D:15

Altars:
Ashenzari
Cheibriados
Dithmenos
Elyvilon
Fedhas
Gozag
Hepliaklqana
Kikubaaqudgha
Makhleb
Nemelex Xobeh
Okawaru
Qazlal
Ru
Sif Muna
Trog
Uskayaw
Vehumet
Wu Jian
Xom
Yredelemnul
Zin
The Shining One
Jiyva

Shops:
Orc:2 (!=

Portals:
Trove: D:12 (give horn of Geryon)

Annotations:
Temple 2 transporters


Innate Abilities, Weirdness & Mutations

You have razor-sharp teeth.
Your natural rate of healing is unusually fast.
When hurt, damage is shared between your health and your magic reserves.
Your bite disrupts and absorbs the magic of your enemies.
Potions cannot restore your health.
You sometimes lose the ability to drink potions when taking damage.
You cannot be stealthy.
You are missing an eye, making it more difficult to aim.


Message History

You barely miss the spriggan berserker.
Your bite misses the spriggan berserker.
You barely miss the spriggan berserker.
Your bite misses the spriggan berserker.
The spriggan berserker is almost dead.
The spriggan berserker hits you with a +0 flail!!
* * * LOW HITPOINT WARNING * * *
You are restored by drawing out deep reserves of power within.
You feel drained.
The spriggan berserker utters an invocation to Trog.
The spriggan berserker goes berserk!
You miss the spriggan berserker.
Your bite misses the spriggan berserker.
You hit the spriggan berserker. You bite the spriggan berserker!
You drain its power.
You feel invigorated.
The spriggan berserker is almost dead.
You miss the spriggan berserker.
Your bite misses the spriggan berserker.
You hit the spriggan berserker.
The spriggan berserker is almost dead.
The spriggan berserker hits you with a +0 flail!!
* * * LOW HITPOINT WARNING * * *
Okay, then.
Aiming: Quicksilver Bolt
Press: ? - help, Shift-Dir - straight line, f - spriggan berserker
Aim: a spriggan berserker, wielding a +0 flail and wearing a +0 robe (almost dead, berserk, regenerating, strong-willed, 23% to hit)
Okay, then.
Unknown command.
Aim the phial where?
Press: ? - help, Shift-Dir - straight line, f - spriggan berserker
Aim: a spriggan berserker, wielding a +0 flail and wearing a +0 robe (almost dead, berserk, regenerating, strong-willed, 23% to hit)
Okay, then.
Unknown command.
Okay, then.
Okay, then.
Clouds condense from the air!
The condenser dries out!
The spriggan berserker is engulfed in blazing flames.
The spriggan berserker hits you with a +0 flail!!
You die...
Ru respects your ultimate sacrifice.

.......' #.# #.# ..?....# #..#
#.# #.# .......# # #..# #.# #.#
.......# .....# #.# #.# .......#
#..####[###.# .......##.#
#...........# .......##.#
#§#####.###.# .......##.# #i#
#.###.## .>.....##.# #@# #......#
.......##.# #[# ###.##.#
##.....i#.# #.# #.##.#
#......#.######.#######.##.####
#.####.#.##.............##....#
.#.#≈≈#.#.##.###..###.########.#
.'>#≈≈#.Y.i..##...# #.########.##
.#.#≈≈#.#....##'#####............
.#.####.####†#......#.########.##


You could see a spriggan berserker (berserk, regenerating, strong-willed).

Vanquished Creatures
  Jorgrun (Orc:1)
  A lich (Depths:1)
  A frost giant (Depths:1)
  An orc warlord (D:9)
  A vampire knight (D:15)
  Josephine (D:10)
  2 rakshasas (D:15)
  4 vault guards (D:13)
  6 hydras
  5 centaur warriors
  2 boulder beetles (D:15)
  A catoblepas (Lair:3)
  2 two-headed ogres
  22 death yaks
  2 vampire magi (Depths:1)
  A deep troll earth mage (D:15)
  An orc high priest (Orc:2)
  Urug (Orc:1)
  Nergalle (Lair:1)
  Sonja (Orc:1)
  2 skysharks
  3 deep trolls
  An arcanist (D:13)
  2 bog bodies (Lair:2)
  Pikel (D:6)
  4 necromancers
  An orc knight (Orc:2)
  2 deep elf pyromancers
  14 ugly things
  3 cyclopes
  4 orc sorcerers
  4 manticores
  10 elephants
  5 black mambas
  A torpor snail (Lair:2)
  2 kobold blastminers (Orc:2)
  Jeremiah (D:6)
  2 gargoyles
  6 cane toads
  4 centaur skeletons (D:15)
  An efreet (D:13)
  12 komodo dragons
  A freezing wraith (D:11)
  4 tengu conjurers
  3 rime drakes
  10 trolls
  6 hornets (Lair:5)
  5 polar bears (Lair:5)
  6 dream sheep
  3 slime creatures (D:15)
  Sigmund (D:3)
  A vampire (D:13)
  A spriggan (shapeshifter) (D:14)
  2 shadows (D:10)
  3 wyverns
  11 spriggans (Lair:5)
  17 humans (D:13)
  4 wraiths
  26 yaks
  8 basilisks
  3 steam dragons
  2 wargs
  4 vampire mosquitoes (D:14)
  Menkaure (D:5)
  Edmund (D:4)
  2 nagas (Lair:2)
  An acid dragon (D:12)
  13 water moccasins
  6 black bears
  38 orc warriors
  A meliai simulacrum (D:14)
  2 ice beasts
  14 wolves (Lair:5)
  4 boggarts (Lair:5)
  4 ogres
  12 centaurs
  4 lemures (D:6)
  2 kobold brigands (D:8)
  A gnoll sergeant (D:11)
  10 bullfrogs
  7 scorpions
  12 wights
  17 killer bees
  A howler monkey (D:5)
  4 electric eels
  A bombardier beetle (D:6)
  A gnoll bouda (D:7)
  13 orc priests
  4 hounds
  2 jellies
  Jessica (D:3)
  12 iguanas
  3 sleepcaps
  20 orc wizards
  7 adders
  13 gnolls
  A white imp (D:6)
  2 ufetubi (D:6)
  3 dart slugs
  3 ribbon worms (D:3)
  94 orcs
  6 ball pythons
  8 endoplasms
  2 giant cockroaches
  3 goblins
  3 hobgoblins
  2 jackals (D:2)
  2 quokkas
  14 bats
  3 frilled lizards
  8 kobolds
  5 rats
656 creatures vanquished.

Vanquished Creatures (collateral kills)
  4 orcs (D:7)
4 creatures vanquished.

Vanquished Creatures (others)
  An orc knight (Orc:2)
  A manticore (D:11)
  A slime creature (D:15)
  A wraith (D:10)
  A yak (Lair:1)
  An orc priest (D:9)
  2 orcs (D:9)
8 creatures vanquished.

Grand Total: 668 creatures vanquished

Notes
Turn   | Place    | Note
-------+----------+-------------------------------------------
     0 | D:1      | Asceticacid the Vine Stalker Fighter began the quest for
                  | the Orb.
     0 | D:1      | Reached XP level 1. HP: 11/11 MP: 2/2
   167 | D:1      | Reached skill level 1 in Short Blades
   279 | D:1      | Reached XP level 2. HP: 16/16 MP: 3/3
   642 | D:2      | Reached skill level 2 in Short Blades
   744 | D:2      | Reached XP level 3. HP: 19/19 MP: 4/4
   949 | D:2      | Reached skill level 3 in Short Blades
  1206 | D:3      | Reached XP level 4. HP: 23/23 MP: 5/5
  1217 | D:3      | Noticed Jessica
  1230 | D:3      | Killed Jessica
  1455 | D:3      | Reached skill level 4 in Short Blades
  1482 | D:3      | Reached XP level 5. HP: 27/27 MP: 6/6
  1561 | D:3      | Noticed Sigmund
  1565 | D:3      | Identified a scroll of acquirement
  1565 | D:3      | Acquired a +3 quick blade of electrocution
  1580 | D:3      | Killed Sigmund
  1581 | D:3      | Reached skill level 5 in Short Blades
  1581 | D:3      | Reached XP level 6. HP: 32/32 MP: 7/7
  1771 | D:4      | Noticed Edmund
  1782 | D:4      | Killed Edmund
  1783 | D:4      | Reached skill level 6 in Short Blades
  1783 | D:4      | Reached XP level 7. HP: 32/35 MP: 8/8
  1986 | D:4      | Reached skill level 7 in Short Blades
  2193 | D:5      | Entered Level 5 of the Dungeon
  2302 | D:5      | Reached skill level 8 in Short Blades
  2302 | D:5      | Gained mutation: You have razor-sharp teeth. [Vine Stalker
                  | growth]
  2302 | D:5      | Reached XP level 8. HP: 39/39 MP: 9/9
  2933 | D:6      | Noticed Menkaure
  2946 | D:5      | Killed Menkaure
  2947 | D:5      | Reached skill level 9 in Short Blades
  3014 | D:6      | Found a staircase to the Ecumenical Temple.
  3046 | Temple   | Found a transporter.
  3046 | Temple   | Found a transporter.
  3046 | Temple   | Found a transporter.
  3046 | Temple   | Found a transporter.
  3046 | Temple   | Entered the Ecumenical Temple
  3098 | Temple   | Became a worshipper of Ru the Awakened
  3189 | D:6      | Noticed Jeremiah
  3200 | D:6      | Killed Jeremiah
  3201 | D:6      | Reached skill level 10 in Short Blades
  3201 | D:6      | Reached XP level 9. HP: 40/43 MP: 10/10
  3249 | D:6      | Noticed Pikel
  3261 | D:6      | Killed Pikel
  3262 | D:6      | Reached skill level 11 in Short Blades
  3947 | D:7      | Reached skill level 12 in Short Blades
  4058 | D:7      | Reached XP level 10. HP: 16/47 MP: 8/11
  4348 | D:7      | Gained mutation: You cannot be stealthy. [Ru sacrifice]
  4479 | D:8      | Reached skill level 13 in Short Blades
  4610 | D:8      | Identified the +3 scimitar "Ciogauf" {protect, Int+6 Dex+3
                  | Stlth+}
  4997 | D:8      | Found an ornate altar of the Wu Jian Council.
  5012 | D:8      | Found a radiant altar of Vehumet.
  5197 | D:8      | Found a hazy altar of Hepliaklqana.
  5216 | D:9      | Noticed a two-headed ogre
  5314 | D:9      | Killed a two-headed ogre
  5315 | D:9      | Reached skill level 14 in Short Blades
  5445 | D:9      | Reached skill level 1 in Evocations
  5817 | D:9      | Found a staircase to the Orcish Mines.
  5983 | D:9      | Reached XP level 11. HP: 37/52 MP: 7/12
  6081 | D:10     | Entered Level 10 of the Dungeon
  6144 | D:10     | Gained mutation: You occasionally lose the ability to drink
                  | potions when taking damage. [Ru sacrifice]
  6144 | D:10     | Gained mutation: You sometimes lose the ability to drink
                  | potions when taking damage. [Ru sacrifice]
  6144 | D:10     | Reached * piety under Ru
  6144 | D:10     | Reached ** piety under Ru
  6599 | D:10     | Noticed Josephine
  6621 | D:10     | Killed Josephine
  6924 | D:11     | Noticed a two-headed ogre
  6930 | D:11     | Killed a two-headed ogre
  7055 | D:11     | Reached skill level 5 in Armour
  7099 | D:11     | Noticed a manticore
  7112 | D:11     | Reached skill level 5 in Fighting
  7132 | D:11     | Killed a manticore
  7244 | D:11     | Noticed a manticore
  7254 | D:11     | Killed a manticore
  7281 | D:11     | You fall into a shaft and drop 1 floor!
  7330 | D:12     | Noticed a cyclops
  7414 | D:13     | Noticed a deep elf pyromancer
  7428 | D:13     | Killed a deep elf pyromancer
  7484 | D:13     | Reached skill level 5 in Evocations
  7491 | D:13     | Reached XP level 12. HP: 60/60 MP: 13/13
  8005 | D:13     | Noticed a vault guard
  8011 | D:13     | Noticed a vault guard
  8017 | D:13     | Killed a vault guard
  8028 | D:13     | Killed a vault guard
  8080 | D:13     | Noticed a vault guard
  8083 | D:13     | Identified the +5 mace of the Median {speed, rElec rF++
                  | Dex-5}
  8093 | D:13     | Killed a vault guard
  8108 | D:13     | Noticed a vault guard
  8135 | D:13     | Killed a vault guard
  8196 | D:13     | Found a gate to the Vaults.
  8200 | D:13     | Gained mutation: You are missing an eye, making it more
                  | difficult to aim. [Ru sacrifice]
  8200 | D:13     | Reached *** piety under Ru
  8481 | D:12     | Identified the +2 scale mail of Ishaot {rElec rPois Int+2
                  | Dex+4}
  9049 | D:12     | Found a portal to a secret trove of treasure.
  9671 | D:11     | Found a staircase to the Lair.
 10293 | Lair:1   | Entered Level 1 of the Lair of Beasts
 10362 | Lair:1   | Reached XP level 13. HP: 67/67 MP: 14/14
 10511 | Lair:1   | You fall into a shaft and drop 1 floor!
 10558 | Lair:2   | Reached skill level 10 in Armour
 10643 | Lair:2   | Found a staircase to the Snake Pit.
 11331 | Lair:2   | Found a staircase to the Swamp.
 11803 | Lair:1   | Noticed Nergalle
 11818 | Lair:1   | Killed Nergalle
 11870 | Lair:1   | Reached skill level 10 in Fighting
 12231 | Lair:3   | Reached XP level 14. HP: 77/77 MP: 15/15
 12314 | Lair:3   | Reached skill level 1 in Dodging
 12481 | Lair:3   | Identified the +1 robe of Resourcefulness {Dex+3}
 13504 | Orc:1    | Entered Level 1 of the Orcish Mines
 13504 | Orc:1    | Noticed an orc warlord
 13531 | D:9      | Killed an orc warlord
 13705 | Orc:1    | Noticed Jorgrun
 13730 | Orc:1    | Killed Jorgrun
 13921 | Orc:1    | Reached skill level 5 in Dodging
 13997 | Orc:1    | Noticed Sonja
 14033 | Orc:1    | Killed Sonja
 14054 | Orc:1    | Noticed Urug
 14094 | Orc:1    | Killed Urug
 14315 | Orc:2    | Entered Level 2 of the Orcish Mines
 15216 | Orc:2    | Found Huome's Distillery.
 15216 | Orc:2    | Found Qink's Antique Armour Emporium.
 15218 | Orc:2    | Found Oteranga's Jewellery Shoppe.
 15220 | Orc:2    | Found Copiss's Weapon Shop.
 15224 | Orc:2    | Bought a potion of might for 64 gold pieces
 15315 | Orc:2    | Found a staircase to the Elven Halls.
 16751 | D:15     | Entered Level 15 of the Dungeon
 16824 | D:15     | Reached XP level 15. HP: 70/80 MP: 16/16
 17386 | D:15     | Paralysed by an orc sorcerer for 4 turns
 17407 | D:15     | Reached skill level 10 in Dodging
 17474 | D:15     | Found a staircase to the Depths.
 17693 | D:15     | Found a radiant altar of Vehumet.
 18768 | Lair:5   | Entered Level 5 of the Lair of Beasts
 19413 | Lair:5   | Found a staircase to the Slime Pits.
 19413 | Lair:5   | Found a viscous altar of Jiyva.
 19772 | Lair:5   | Reached skill level 5 in Maces & Flails
 19929 | Lair:5   | Reached XP level 16. HP: 85/85 MP: 17/17
 20384 | Depths:1 | Entered Level 1 of the Depths
 20671 | Depths:1 | Noticed a lich
 20686 | Depths:1 | Killed a lich
 21040 | Depths:1 | Slain by a spriggan berserker

Illustrated notes

Levels and vault maps discovered:
D:1:      psy_arrival_statuary, layout_basic, bh_walls_and_bars
D:2:      layout_basic
D:3:      minmay_spotlight, layout_rooms, uniq_sigmund, uniq_jessica
D:4:      layout_rooms, uniq_edmund
D:5:      layout_loops_cross, chequers_serial_rivers_large_a
D:6:      layout_loops_ring, minmay_temple_entry_water_ring, minmay_puff,
          uniq_pikel, uniq_menkaure, uniq_jeremiah
D:7:      layout_rooms
D:8:      layout_basic, mainiacjoe_overflow_swirl, lemuel_round_altar,
          kennysheep_generic_room_16
D:9:      layout_rooms, hiddenorc2_lemuel
D:10:     layout_basic, kennysheep_path_1, roderic_batcave, uniq_josephine
D:11:     layout_roguey, due_lair_maze_entry_diamond
D:12:     layout_basic, nicolae_trove_entry_diagonal, water_boxes_lemuel
D:13:     layout_roguey, grunt_vaults_entry_tiered
D:14:     layout_basic, dreamdust_mushroom_princess, nicolae_titane
D:15:     grunt_enter_depths_magical_seal, layout_loops_ring,
          wad_floor_pattern_2, fiery_altar_vehumet
Temple:   hellmonk_temple_divided_pantheon
Lair:1:   beast_lair_carwin_large_4, layout_misc_corridors, lemuel_fruit_tree,
          infiniplex_staircase_pool, uniq_nergalle
Lair:2:   layout_regular_city, skrybe_swamp_entry_bodies,
          guppyfry_snake_entry_island
Lair:3:   layout_chaotic_city
Lair:4:   layout_concentric_octagons, serial_bayou_shore_b
Lair:5:   minmay_lair_end_enchanted_forest, layout_hall_layers, slime_entry_1
Orc:1:    layout_caves, uniq_jorgrun, uniq_urug, uniq_sonja
Orc:2:    st_orc_rangers, layout_caves
Depths:1: evilmike_marble_ring, layout_gridlike, hell_entry,
          small_chamber_with_monster, xom_teletrap_fun, uniq_asterion

Skill      XL: |  1  2  3  4  5  6  7  8  9 10 11 12 13 14 15 16 |
---------------+-------------------------------------------------+-----
Short Blades   | 1 2 3 4 5 6 8 10 12 14 | 14.2
Fighting       | 3 5 7 10 | 10.1
Evocations     | 2 5 6 |  6.3
Armour         | 3 6 9 11 12 | 12.1
Dodging        | 8 11 | 11.6
Maces & Flails | 5 7 |  7.7
Shields        | |  2.6

Action                     |  1- 3 |  4- 6 |  7- 9 | 10-12 | 13-15 | 16-18 || total
---------------------------+-------+-------+-------+-------+-------+-------++-------
  Melee: Dagger            |    92 |    86 |       |       |       |       ||   178
         Bite              |    26 |    50 |    86 |   324 |   891 |    92 ||  1469
         Quick blade       |       |    43 |   330 |   952 |  2215 |   227 ||  3767
  Throw: Dart              |       |       |       |     3 |     5 |     1 ||     9
 Invoke: Sacrifice Stealth |       |       |       |     1 |       |       ||     1
         Sacrifice Drink   |       |       |       |     1 |       |       ||     1
         Sacrifice an Eye  |       |       |       |     1 |       |       ||     1
         Reject Sacrifices |       |       |       |       |     3 |       ||     3
         Draw Out Power    |       |       |       |       |       |     2 ||     2
  Evoke: Wand              |       |       |       |     3 |     1 |       ||     4
         Condenser vane    |       |       |       |       |       |     1 ||     1
    Use: Scroll            |       |     4 |     7 |     2 |     9 |     1 ||    23
   Stab: Paralysed         |       |       |       |     2 |     1 |       ||     3
         Distracted        |       |       |       |     1 |     4 |       ||     5
 Armour: Scale mail        |    31 |       |       |    40 |   449 |    52 ||   572
         Plate armour      |    29 |    73 |     2 |   102 |       |       ||   206
         Chain mail        |       |       |   122 |   154 |       |       ||   276
  Dodge: Dodged            |    20 |    21 |    40 |    79 |   360 |    41 ||   561
         Repelled          |     2 |     1 |     1 |     5 |     8 |     1 ||    18
  Block: Buckler           |    18 |    28 |    45 |   158 |   411 |    33 ||   693
         Reflection        |       |       |       |    11 |    55 |       ||    66

Table legend: (Time is in decaauts)
 A = Elapsed time spent in this place.
 B = Non-inter-level travel time spent in this place.
 C = Inter-level travel time spent in this place.
 D = Time resting spent in this place.
 E = Time spent auto-exploring this place.
 F = Levels seen in this place.
 G = Mean time per level.
                   A        B        C        D        E       F      G
               +--------+--------+--------+--------+--------+-----+--------+
         Total |  20269 |  18560 |   1709 |    833 |  13088 |  24 |  844.5 |
       Dungeon |  12910 |  11685 |   1225 |    602 |   8449 |  15 |  860.7 |
        Temple |     67 |     54 |     13 |     28 |      0 |   1 |   67.0 |
          Lair |   5130 |   4751 |    379 |    154 |   3439 |   5 | 1026.0 |
  Orcish Mines |   1723 |   1632 |     91 |      7 |    953 |   2 |  861.5 |
        Depths |    437 |    437 |      0 |     42 |    247 |   1 |  437.0 |
               +--------+--------+--------+--------+--------+-----+--------+

Top non-repeatable levels by time:
    D:13: 1382 daAuts
    D:15: 1315 daAuts
  Lair:5: 1272 daAuts
   Orc:2: 1133 daAuts
  Lair:2: 1111 daAuts
    D:14: 1083 daAuts
  Lair:4: 1041 daAuts
     D:9: 1036 daAuts
  Lair:3: 982 daAuts
    D:12: 964 daAuts
     D:6: 926 daAuts
    D:10: 923 daAuts
    D:11: 892 daAuts
     D:8: 892 daAuts
     D:5: 745 daAuts
